 Dungeon Crawl Stone Soup version 0.24.0-123-gd5b16e6ec5 (webtiles) character file.

Game seed: 17217077450672699054, levelgen mode: deterministic

44641 jayne the Blocker (level 14, -1/102 HPs)
             Began as a Merfolk Gladiator on Jan 22, 2020.
             Was a High Priest of Hepliaklqana.
             Killed from afar by a wizard (26 damage)
             ... with a bolt of lightning
             ... on level 15 of the Dungeon.
             The game lasted 00:46:15 (18829 turns).

jayne the Blocker (Merfolk Gladiator)              Turns: 18829, Time: 00:46:16

Health: -1/102     AC: 26    Str: 19    XL:     14   Next: 29%
Magic:  11/14      EV:  6    Int:  7    God:    Hepliaklqana [*****.]
Gold:   979        SH: 24    Dex: 16    Spells: 13/13 levels left

rFire    . . .     SeeInvis +   a - +1 trident (flame)
rCold    + . .     Gourm    .   L - +2 large shield
rNeg     . . .     Faith    .   p - +2 plate armour {rC+}
rPois    +         Spirit   .   c - +1 helmet
rElec    .         Reflect  +   Y - +0 cloak (curse)
rCorr    .         Harm     .   Q - +0 pair of gloves
MR       +....                  n - +0 pair of boots
Stlth    ..........             N - +3 amulet of reflection
HPRegen  0.67/turn              K - ring of poison resistance
MPRegen  0.14/turn              b - ring of see invisible

@: about to teleport
A: change form in water, swift swim, stealthy swim, reduced essence, rugged
brown scales 1, yellow scales 1, regeneration 1, subdued magic 1
a: Recall Ancestor, Ancestor Identity, Transference, Idealise, Renounce Religion


You were on level 15 of the Dungeon.
You worshipped Hepliaklqana.
Hepliaklqana was extremely pleased with you.
You were hungry.

You visited 2 branches of the dungeon, and saw 16 of its levels.
You also visited: Sewer.

You collected 979 gold pieces.

Inventory:

Hand Weapons
 a - a +1 trident of flaming (weapon)
 i - a +3 spear
 V - a cursed +2 hand axe of flaming
Missiles
 d - 3 throwing nets
 k - 13 boomerangs
 D - 99 poisoned darts (quivered)
Armour
 c - a +1 helmet (worn)
 n - a +0 pair of boots (worn)
 p - a +2 plate armour of cold resistance (worn)
 x - the +0 hat "Rapoaw" {rC++ MP-9 Int+2 SInv}
   (You found it on level 4 of the Dungeon)

   It affects your intelligence (+2).
   It greatly protects you from cold.
   It affects your magic capacity (-9).
   It lets you see invisible.
 G - the +0 hat of the Endless Expanse {rC- MR++ Regen+ Dex+3}
   (You acquired it on level 14 of the Dungeon)

   It affects your dexterity (+3).
   It makes you vulnerable to cold.
   It affects your resistance to hostile enchantments.
   It increases your rate of regeneration.
 L - a +2 large shield (worn)
 Q - a +0 pair of gloves (worn)
 Y - a cursed +0 cloak (worn)
Jewellery
 b - a ring of see invisible (right hand)
 u - an uncursed ring of resist corrosion
 w - the ring of Xommaheh {Fire rElec}
   (You found it on level 4 of the Dungeon)

   [ring of fire]

   It enhances your fire magic.
   It protects you from fire.
   It makes you vulnerable to cold.
   It insulates you from electricity.
 y - an uncursed ring of positive energy
 K - a ring of poison resistance (left hand)
 N - a +3 amulet of reflection (around neck)
Wands
 m - a wand of iceblast (8)
 s - a wand of polymorph (12)
 R - a wand of flame (17)
 S - a wand of paralysis (12)
 W - a wand of acid (6)
Scrolls
 e - 6 scrolls of immolation
 g - 3 scrolls of fear
 h - 4 scrolls of teleportation
 j - 6 scrolls of remove curse
 q - a scroll of enchant armour
 r - 4 scrolls of magic mapping
 t - 2 scrolls of fog
 z - 2 scrolls of enchant weapon
 A - 3 scrolls of blinking
 M - a scroll of noise {unknown}
 O - a scroll of identify
Potions
 l - 2 potions of heal wounds
 o - 2 potions of haste
 v - a potion of berserk rage
 B - 4 potions of curing
 C - 2 potions of ambrosia
 E - a potion of resistance {unknown}
 F - a potion of cancellation {unknown}
 H - 4 potions of magic
 I - 3 potions of brilliance
 J - 3 potions of agility
 U - a potion of flight {unknown}
Miscellaneous
 X - a sack of spiders
Comestibles
 f - 25 rations


   Skills:
 + Level 10.0 Fighting
 - Level 14.4 Polearms
 + Level 3.9 Throwing
 * Level 10.5 Armour
 - Level 4.0 Dodging
 * Level 14.5 Shields
 + Level 0.4 Evocations


You had 13 spell levels left.
You didn't know any spells.
Your spell library contained the following spells:

 Spells                   Type           Power        Failure   Level  Hunger
 Animate Skeleton         Necr           N/A          100%        1    ##.....
 Apportation              Tloc           #.....       100%        1    ##.....
 Confusing Touch          Hex            #.....       100%        1    ##.....
 Corona                   Hex            #......      100%        1    ##.....
 Summon Butterflies       Summ           #.......     100%        1    ##.....
 Summon Small Mammal      Summ           #...         100%        1    ##.....
 Ensorcelled Hibernation  Hex/Ice        #.....       100%        2    ###....
 Confuse                  Hex            #.......     100%        3    ####...
 Dazzling Spray           Conj/Hex       #.....       100%        3    ####...
 Lesser Beckoning         Tloc           #.........   100%        3    ####...
 Tukima's Dance           Hex            #.......     100%        3    ####...
 Alistair's Intoxication  Tmut/Pois      #.......     100%        5    ######.
 Invisibility             Hex            #.......     100%        6    #######


Dungeon Overview and Level Annotations

Branches:
Dungeon (15/15)            Temple (1/1) D:4            Lair (0/6) D:10
    Orc (0/2) D:12         Vaults (0/5) D:14          Sewer (visited)
 Depths: D:15

Altars:
Ashenzari
Cheibriados
Dithmenos
Elyvilon
Fedhas
Gozag
Hepliaklqana
Kikubaaqudgha
Makhleb
Nemelex Xobeh
Okawaru
Qazlal
Ru
Sif Muna
Trog
Uskayaw
Vehumet
Wu Jian
Xom
Yredelemnul
Zin
The Shining One

Shops:
D:5 (   D:11 [   D:14 ?

Annotations:
D:3 3 runed translucent doors, Nebesus's ghost, amateur FoFi
D:8 3 runed translucent doors, exclusion: downstairs, FluffGlitter's ghost, novice SpEn
D:9 exclusion: downstairs
D:10 exclusion: downstairs
D:12 3 runed translucent doors, pedritolo's ghost, journeyman HuAE
D:14 2 transporters, exclusion: 2 downstairs, canis's ghost, journeyman MfGl


Innate Abilities, Weirdness & Mutations

You revert to your normal form in water.
You are very nimble and swift while swimming.
You are very stealthy in the water. (Stealth+)
Your life essence is reduced to manifest your ancestor. (-10% HP)
You are partially covered in rugged brown scales. (AC +1, +3% HP)
You are partially covered in yellow scales. (AC +2)
Your natural rate of healing is unusually fast.
Your spells are a little easier to cast, but a little less powerful.


Message History

The wizard casts a spell at you. The stone arrow hits you!!
A two-headed ogre comes into view. It is wielding two +0 giant clubs.
A cyclops comes into view.
The eye of draining gazes at you.
You feel your power leaking away.
Appia barely misses the wizard.
As you read the scroll of teleportation, it crumbles to dust.
You feel strangely unstable. The wizard casts a spell at you.
The bolt of lightning hits you!!
* * * LOW HITPOINT WARNING * * *
The acid dragon bites you but does no damage.
You block the acid dragon's attack.
Appia barely misses the wizard.
You puncture the wizard! You burn the wizard.
The wizard is moderately wounded.
The cyclops throws a large rock.
The large rock hits Appia.
The wizard points at you and mumbles some strange words.
The bolt of lightning hits you!!
You die...

.... #..........###.
#..... . ...#......##..
##..... . .....#.......
....)..#. #...##......
........#####........#..
.......)#.##....#....#..
.G......?.......#.......
......ODp...####........
......p@...## ##........
.#.....R...# #.........
##.......## ##.........
###......# #..........
###............##)..
..................
#.O................
##..C....###......# ...
#####...


You could see the friendly Appia the hexer, 2 two-headed ogres, a cyclops, 2
wizards, an eye of draining and an acid dragon.

Vanquished Creatures
  Jorgrun (D:12)
  An ettin (D:14)
  A hydra (D:14)
  A rakshasa (D:15)
  4 vault guards (D:14)
  An ogre mage (D:15)
  5 two-headed ogres
  A tengu warrior (D:14)
  2 deep elf knights
  2 deep trolls (D:15)
  2 deep elf archers (D:15)
  2 wizards (D:14)
  Pikel (D:6)
  A wolf spider (D:12)
  An orc knight (D:14)
  7 ugly things
  2 cyclopes (D:14)
  5 manticores
  2 gargoyles
  3 centaur skeletons (D:14)
  2 kobold demonologists
  2 efreet
  A redback zombie (D:14)
  3 komodo dragons
  5 trolls
  3 hippogriffs
  Prince Ribbit (D:5)
  5 slime creatures (D:12)
  4 vampires
  3 wyverns
  A wraith (D:15)
  4 yaks
  A shadow (D:14)
  2 hogs (D:9)
  A basilisk (D:15)
  A vampire mosquito (D:14)
  A warg (D:12)
  A steam dragon (D:10)
  An acid dragon (D:15)
  Purgy (Sewer)
  4 ice beasts
  A black bear (D:6)
  A hornet zombie (D:9)
  6 orc warriors
  2 sky beasts
  A phantom (D:12)
  An ogre (D:3)
  3 necrophages (D:9)
  An eye of draining (D:12)
  3 boggarts (D:15)
  5 centaurs
  A big kobold (D:10)
  4 bullfrogs
  2 scorpions
  9 killer bees
  11 wights
  A hexer (D:14)
  3 howler monkeys
  4 crimson imps
  3 centaur zombies
  A bullfrog zombie (D:9)
  6 orc priests
  6 jellies
  7 hounds
  A bullfrog skeleton (D:10)
  5 iguanas
  7 orc wizards
  8 worker ants
  2 hound zombies
  A hound skeleton (D:9)
  A mummy (D:9)
  A worker ant zombie (D:8)
  5 gnolls
  12 adders
  4 shadow imps
  2 oozes
  3 adder skeletons
  2 adder zombies (D:9)
  A worm (D:3)
  3 dart slugs
  6 leopard geckos
  29 orcs
  4 ball pythons
  6 bats
  7 giant cockroaches
  11 goblins
  2 hobgoblins
  4 jackals
  12 kobolds
  3 quokkas
  9 frilled lizards
  7 rats
332 creatures vanquished.

Vanquished Creatures (collateral kills)
  A centaur warrior (D:15)
  A deep elf archer (D:15)
  An ugly thing (D:14)
  A deep elf mage (D:13)
  A troll (D:9)
  A slime creature (D:12)
  3 hippogriffs
  A vampire (D:10)
  2 wraiths
  A yak (D:9)
  A hog (D:9)
  A human (D:9)
  Edmund (D:4)
  2 sky beasts
  An eye of draining (D:15)
  A phantom (D:4)
  A boggart (D:15)
  A necrophage (D:11)
  An ogre (D:5)
  4 centaurs
  3 crocodiles (D:10)
  A big kobold (D:12)
  3 bullfrogs
  A scorpion (D:9)
  3 killer bees (D:11)
  2 wights (D:11)
  2 howler monkeys
  A crimson imp (D:8)
  2 centaur zombies
  2 hounds (D:14)
  3 orc priests
  A bullfrog skeleton (D:13)
  4 orc wizards
  3 worker ants
  2 hound zombies
  An adder (D:11)
  3 gnolls
  A leopard gecko (D:11)
  7 orcs
  A ball python (D:5)
  A giant cockroach (D:6)
  2 jackals (D:5)
  A kobold (D:12)
  A quokka (D:11)
  A jackal skeleton (D:5)
  A leopard gecko zombie (D:7)
  A rat (D:5)
81 creatures vanquished.

Vanquished Creatures (others)
  An unseen horror (D:15)
  A deep elf mage (D:15)
  A cyclops (D:15)
  A slave (D:7)
  2 centaurs
  A crimson imp (D:7)
  An orc priest (D:7)
  An orc wizard (D:9)
  A worker ant (D:7)
  26 hexers
  An ancestor (Sewer)
  2 orcs
  A kobold (D:1)
  5 plants (D:8)
45 creatures vanquished.

Grand Total: 458 creatures vanquished

Notes
Turn   | Place    | Note
-------+----------+-------------------------------------------
     0 | D:1      | jayne the Merfolk Gladiator began the quest for the Orb.
     0 | D:1      | Reached XP level 1. HP: 16/16 MP: 1/1
   708 | D:1      | Reached XP level 2. HP: 23/23 MP: 2/2
   794 | D:1      | Reached skill level 5 in Polearms
   996 | D:1      | Reached XP level 3. HP: 28/28 MP: 3/3
  1623 | D:2      | Reached skill level 1 in Armour
  1998 | D:2      | Reached XP level 4. HP: 34/34 MP: 4/4
  2913 | D:3      | Reached XP level 5. HP: 39/40 MP: 5/5
  3261 | D:3      | Found a runed translucent gate.
  3267 | D:3      | Noticed an ogre
  3269 | D:3      | Found a runed translucent gate.
  3275 | D:3      | Killed an ogre
  3276 | D:3      | Found a runed translucent gate.
  3279 | D:3      | Noticed Nebesus's ghost (amateur FoFi)
  3463 | D:3      | Reached XP level 6. HP: 45/47 MP: 6/6
  3724 | D:4      | Found a white marble altar of Elyvilon.
  3735 | D:4      | Got a transparent marble ring
  3736 | D:4      | Found a staircase to the Ecumenical Temple.
  3747 | D:4      | Got a transparent hat
  3758 | D:4      | Identified the +0 hat "Rapoaw" {rC++ MP-9 Int+2 SInv} (You
                  | found it on level 4 of the Dungeon)
  3862 | Temple   | Entered the Ecumenical Temple
  3970 | Temple   | Became a worshipper of Hepliaklqana the Forgotten
  4192 | D:4      | Noticed a phantom
  4219 | D:4      | Killed a phantom
  4429 | D:4      | Found a burning altar of Makhleb.
  4443 | D:4      | Noticed Edmund
  4453 | D:4      | Killed Edmund
  4453 | D:4      | Reached XP level 7. HP: 38/46 MP: 7/7
  4688 | D:5      | Entered Level 5 of the Dungeon
  4689 | D:5      | Noticed Prince Ribbit
  4697 | D:5      | Killed Prince Ribbit
  4748 | D:5      | Found a glowing drain.
  4801 | D:5      | Found Lepn's Weapon Boutique.
  4843 | Sewer    | Entered a sewer
  4936 | Sewer    | Noticed Purgy
  5022 | Sewer    | Killed Purgy
  5022 | Sewer    | Reached XP level 8. HP: 52/54 MP: 8/8
  5104 | Sewer    | Identified the ring of Xommaheh {Fire rElec} (You found it
                  | on level 4 of the Dungeon)
  5211 | D:5      | Reached * piety under Hepliaklqana
  5560 | D:6      | Reached skill level 5 in Armour
  5686 | D:6      | Reached skill level 10 in Polearms
  6105 | D:6      | Reached ** piety under Hepliaklqana
  6475 | D:7      | Noticed Pikel
  6502 | D:6      | Killed Pikel
  6502 | D:6      | Reached skill level 5 in Fighting
  6502 | D:6      | Reached XP level 9. HP: 51/61 MP: 9/9
  6782 | D:7      | Remembered your ancestor Appia as a hexer
  7175 | D:8      | Noticed a two-headed ogre
  7937 | D:8      | Found a runed translucent gate.
  7937 | D:8      | Found a runed translucent gate.
  7987 | D:8      | Killed a two-headed ogre
  7987 | D:8      | Reached XP level 10. HP: 47/68 MP: 10/10
  8116 | D:8      | Found a runed translucent gate.
  8117 | D:8      | Noticed an 11-headed hydra
  8117 | D:8      | Noticed FluffGlitter's ghost (novice SpEn)
  8757 | D:9      | Reached skill level 1 in Shields
  9438 | D:9      | Reached *** piety under Hepliaklqana
 10198 | D:10     | Entered Level 10 of the Dungeon
 10218 | D:10     | Gained mutation: Your spells are a little easier to cast,
                  | but a little less powerful. [potion of mutation]
 10218 | D:10     | Gained mutation: You are partially covered in rugged brown
                  | scales. (AC +1, +3% HP) [potion of mutation]
 10218 | D:10     | Gained mutation: You are partially covered in yellow
                  | scales. (AC +2) [potion of mutation]
 10218 | D:10     | Gained mutation: Your natural rate of healing is unusually
                  | fast. [potion of mutation]
 10521 | D:9      | Reached skill level 5 in Shields
 10667 | D:10     | Reached XP level 11. HP: 75/78 MP: 11/11
 11115 | D:10     | Found a staircase to the Lair.
 11925 | D:11     | Noticed a two-headed ogre
 11945 | D:11     | Killed a two-headed ogre
 12027 | D:11     | Noticed a two-headed ogre
 12412 | D:11     | Reached **** piety under Hepliaklqana
 12471 | D:11     | Found Emimpucli's Armour Emporium.
 12760 | D:11     | Noticed a two-headed ogre
 12773 | D:11     | Killed a two-headed ogre
 12785 | D:11     | Noticed a cyan ugly thing
 12804 | D:11     | Killed a cyan ugly thing
 13116 | D:12     | Found a runed translucent gate.
 13117 | D:12     | Found a runed translucent gate.
 13118 | D:12     | Found a runed translucent gate.
 13126 | D:12     | Noticed a minotaur
 13126 | D:12     | Noticed pedritolo's ghost (journeyman HuAE)
 13142 | D:12     | Noticed a two-headed ogre
 13210 | D:12     | Noticed a wolf spider
 13233 | D:12     | Killed a wolf spider
 13307 | D:12     | Reached XP level 12. HP: 55/85 MP: 12/12
 13715 | D:12     | Found a staircase to the Orcish Mines.
 13814 | D:12     | Noticed Jorgrun
 13829 | D:12     | Killed Jorgrun
 13829 | D:12     | Reached skill level 10 in Shields
 14983 | D:13     | Reached ***** piety under Hepliaklqana
 15165 | D:14     | Found a transporter.
 15428 | D:14     | Noticed a vampire knight
 15430 | D:14     | Noticed canis's ghost (journeyman MfGl)
 15432 | D:14     | Found a transporter.
 15560 | D:14     | Reached XP level 13. HP: 78/93 MP: 13/13
 15777 | D:14     | Identified a scroll of acquirement
 15780 | D:14     | Got a pitted hat
 15791 | D:14     | Identified the +0 hat of the Endless Expanse {rC- MR++
                  | Regen+ Dex+3} (You acquired it on level 14 of the Dungeon)
 16018 | D:14     | Found a gate to the Vaults.
 16018 | D:14     | Noticed a vault guard
 16018 | D:14     | Noticed a vault guard
 16018 | D:14     | Noticed a vault guard
 16018 | D:14     | Noticed a vault guard
 16057 | D:14     | Killed a vault guard
 16124 | D:14     | Killed a vault guard
 16176 | D:14     | Killed a vault guard
 16242 | D:14     | Killed a vault guard
 16428 | D:14     | Found Gienlin's Magic Scroll Emporium.
 17633 | D:14     | Reached skill level 10 in Armour
 17690 | D:15     | Entered Level 15 of the Dungeon
 18027 | D:15     | Noticed an ettin
 18237 | D:14     | Killed an ettin
 18487 | D:15     | Reached XP level 14. HP: 99/101 MP: 14/14
 18557 | D:15     | Reached skill level 10 in Fighting
 18829 | D:15     | Killed from afar by a wizard

Levels and vault maps discovered:
D:1:      matt_arrival_refuge, layout_basic, serial_forest,
          infiniplex_forest_end_2, infiniplex_forest_corner_2,
          infiniplex_forest_diagonal, infiniplex_forest_clump_diagonal,
          infiniplex_forest_end_3, infiniplex_forest_clump_medium,
          infiniplex_forest_clump_medium, infiniplex_forest_clump_cross,
          lemuel_flame_loot_1
D:2:      layout_basic
D:3:      layout_loops_ring, gammafunk_ghost_necromancy,
          minmay_stone_trees_small, minmay_circle_x
D:4:      layout_rooms, kennysheep_mini_moat, temple_statues,
          hangedman_decor_diamond_cutter, elyvilon_altar_5, uniq_edmund
D:5:      layout_cave_pools, first_ration, portal_sewer_entry_a, serial_shops,
          shop, dk_rats_in_the_wall, uniq_prince_ribbit1
D:6:      layout_loops_ring
D:7:      layout_rooms, uniq_pikel
D:8:      layout_loops_ring, gammafunk_ghost_hydra_chop
D:9:      layout_basic, serial_undead, serial_undead_f, serial_undead_e,
          serial_undead_f, serial_undead_c, serial_undead_e, grunt_livestock
D:10:     layout_basic, erik_lair_dragon, kennysheep_generic_room_10
D:11:     layout_grid_maze, serial_shops, shop, roderic_lattice_a,
          minmay_misc_feat_tiny
D:12:     layout_basic, david_orc_3, maelrawn_ghost_gauntlet_escape,
          chequers_serial_rivers_large_a, uniq_jorgrun
D:13:     layout_loops_cross, hive_lemuel
D:14:     layout_layer_cave, lightli_vaults_fourway_checkpoint, serial_shops,
          nicolae_shop_waterfront, gammafunk_ghost_mausoleum, solitary_fountain,
          minmay_bent
D:15:     hangedman_depths_entry_civil_slaughter, layout_cave_pools,
          minmay_misc_feat_x, grunt_potential
Temple:   regret_index_temple_sigil_plot

Skill      XL: |  1  2  3  4  5  6  7  8  9 10 11 12 13 14 |
---------------+-------------------------------------------+-----
Polearms       | 5 6 7 8 11 12 13 14 | 14.4
Armour         | 1 2 3 4 5 7 8 9 10 | 10.5
Fighting       | 3 4 5 6 7 9 10 | 10.0
Shields        | 5 9 11 13 14 | 14.5
Throwing       | 3 |  3.9
Dodging        | |  4.0
Evocations     | |  0.4

Action                   |  1- 3 |  4- 6 |  7- 9 | 10-12 | 13-15 || total
-------------------------+-------+-------+-------+-------+-------++-------
Melee: Trident           |   107 |   173 |   382 |   372 |   570 ||  1604
       Tailslap          |       |       |     3 |     2 |     1 ||     6
       Spear             |       |       |       |   903 |       ||   903
Throw: Dart              |       |       |    11 |    26 |     3 ||    40
Invok: Recall Ancestor   |       |     1 |     1 |     1 |     5 ||     8
       Ancestor Life: He |       |       |     1 |       |       ||     1
Evoke: Wand              |       |       |       |       |     4 ||     4
  Use: Scroll            |       |       |       |    22 |     4 ||    26
       Potion            |       |       |       |     2 |     1 ||     3
 Stab: Distracted        |       |     1 |     3 |    15 |    10 ||    29
       Confused          |       |       |     1 |    20 |     5 ||    26
  Eat: Chunk             |     8 |     9 |    15 |    14 |     7 ||    53
       Ration            |       |       |       |     1 |     1 ||     2
Armor: Leather armour    |     5 |       |       |       |       ||     5
       Ring mail         |    16 |    43 |       |       |       ||    59
       Scale mail        |       |     5 |     5 |       |       ||    10
       Plate armour      |       |       |   127 |   271 |   128 ||   526
Dodge: Dodged            |    38 |    85 |    72 |    63 |    47 ||   305
Block: Large shield      |       |       |       |   613 |   386 ||   999
       Reflection        |       |       |       |    32 |    32 ||    64
